[Event "*** Titled Tuesday Blitz"]
[Site "Chess.com"]
[Date "2020.05.05"]
[Round "4"]
[White "Msb2"]
[Black "ClassyEl"]
[Result "1-0"]
[WhiteElo "2916"]
[BlackElo "2548"]
[TimeControl "180+1"]
[EndTime "10:42:01 PDT"]
[Termination "Msb2 won by resignation"]

1. d4 Nf6 2. c4 c5 3. d5 e6 4. Nc3 exd5 5. cxd5 Bd6 6. Nf3 Bc7 7. e4 d6 8. Bd3 O-O 9. O-O Nbd7 10. h3 a6 11. a4 Re8 12. Bf4 Nf8 13. Nd2 Ng6 14. Bg3 Rb8 15. a5 Bxa5 16. Rxa5 Qxa5 17. Nc4 Qb4 18. Bxd6 b5 19. Na2 bxc4 20. Nxb4 Rxb4 21. Bb1 Nxe4 22.
Bxe4 Rxe4 23. Re1 Rxe1+ 24. Qxe1 Bd7 25. Qc3 Bb5 26. Bxc5 Rb3 27. Qa5 h6 28. Qd8+ Kh7 29. Bd4 Rd3 30. Bc3 Nf4 31. Qe7 Nxd5 32. Qe4+ Kg8 33.
Bd4 Nf6 34. Qf4 Nd7 35. h4 Nf8 36. Bc3 Ne6 37. Qe5 Rd1+ 38. Kh2 Bc6 39. h5 Rd5 40.
Qb8+ Kh7 41. g4 Rd1 42. f4 Rh1+ 43. Kg3 Rg1+ 44. Kh3 Rh1+ 45. Kg3 Rg1+ 46. Kf2 Rxg4 47. Bd2 Rg2+ 48. Ke1 Nd4 49. Bc3 Re2+ 50. Kd1 Ba4+ 51. Kc1 Nb3+ 52. Kb1 Rh2 53. Qb7 Rxh5 54. Qe4+ g6 55.
Ka2 Ra5 56. Bxa5 Nxa5 57. Qd5 Bb3+ 58. Ka3 c3 59. Qxa5 c2 60. Qd2 Be6 61. Qxc2 Bf5 62.
Qc3 h5 63. b4 h4 64. Qf3 Kh6 65. Ka4 Bd7+ 66. Ka5 Bb5 67. Qg4 Kg7 68. Qxh4 Kg8 69. Kb6 Kg7 70. Kc5 1-0

[Event "*** Titled Tuesday Blitz"]
[Site "Chess.com"]
[Date "2020.05.05"]
[Round "4"]
[White "SahaNeelash"]
[Black "124chess"]
[Result "0-1"]
[WhiteElo "2496"]
[BlackElo "2730"]
[TimeControl "180+1"]
[EndTime "10:42:03 PDT"]
[Termination "124chess won on time"]

1. d4 d5 2. Bf4 c5 3. e3 Nc6 4.
c3 Bf5 5. Qb3 Qd7 6. Bb5 c4 7.
Qd1 a6 8. Ba4 e6 9. Nf3 b5 10.
Bc2 Bd6 11. O-O Nf6 12. Nbd2 O-O 13. Re1 Bxc2 14. Qxc2 b4 15. Bg5 bxc3 16. bxc3 Be7 17. e4 h6 18. Bf4 dxe4 19. Nxe4 Nd5 20. Bc1 Rab8 21. Ned2 Nb6 22. a4 Qd5 23. Ba3 Bxa3 24. Rxa3 Rfc8 25. Ne4 Na5 26. Nc5 Nd7 27. Nxa6 Rb6 28.
Nb4 Qb7 29. Raa1 Nb3 30. Rab1 Nf6 31. Nd2 Na5 32. h3 Rb8 33. Re5 Nd5 34. Kh2 Nc6 35. Nxc6 Qxc6 36. Rxb6 Rxb6 37. a5 Ra6 38. Qa2 Nxc3 39.
Qxc4 Nd5 40. Qxc6 Rxc6 41. Nb3 Rc3 42. Nc5 Ra3 43. a6 Ra2 44. Kg3 g5 45. Re1 Kg7 46. Rb1 h5 47. Rb7 h4+ 48. Kh2 Kg6 49. a7 Nf4 0-1

[Event "*** Titled Tuesday Blitz"]
[Site "Chess.com"]
[Date "2020.05.05"]
[Round "4"]
[White "tteshan"]
[Black "THE_PLAYER6"]
[Result "0-1"]
[WhiteElo "2210"]
[BlackElo "2422"]
[TimeControl "180+1"]
[EndTime "10:42:03 PDT"]
[Termination "THE_PLAYER6 won by resignation"]

1. d4 Nf6 2. c4 e6 3. Nf3 d5 4. cxd5 exd5 5. Nc3 Be7 6. Bg5 O-O 7. e3 c6 8. Bd3 Re8 9. O-O Nbd7 10. Rc1 Nf8 11.
a3 Ne6 12. Bh4 g6 13. b4 Ng7 14. Qb3 Ne4 15. Bxe7 Qxe7 16. b5 Bg4 17. Bxe4 dxe4 18. Ne5 Be6 19. Qa4 f6 20. Nc4 Rec8 21. bxc6 bxc6 22.
Nxe4 Ne8 23. Nc5 Bd5 24. e4 Bf7 25. Rfe1 Nd6 26. Nxd6 Qxd6 27. e5 fxe5 28. dxe5 Qd5 29. e6 Be8 30. Qh4 Rc7 31. Ne4 Kh8 32. Qf6+ Rg7 33.
Qf8+ Rg8 34. Qxg8+ Kxg8 35. Nf6+ Kg7 36. Nxd5 cxd5 37.
Rc7+ Kf6 38. Rxh7 d4 39. Rc7 d3 40. e7 Ba4 41. e8=Q Rxe8 42. Rxe8 Bxe8 43. Rc3 Bb5 44. Rc1 Ba4 45. Re1 d2 46. Rb1 d1=Q+ 47. Rxd1 Bxd1 48. Kf1 Ke5 49. Ke1 Bc2 50. Kd2 Be4 51. f3 Bc6 52. Ke3 Kf5 53. g3 Kg5 54. f4+ Kg4 55. Kf2 Be4 56. a4 a5 57. Ke3 Bc6 58.
Kd4 Bxa4 59. Ke5 Bc2 60. Kd4 a4 61. Kc3 Bb3 62. Kb4 Kh3 63. Ka3 Kxh2 64. g4 Kg3 65. f5 g5 66. f6 Kxg4 67. Kb2 Kf5 68. f7 Bxf7 69. Ka3 Bb3 70. Kb4 g4 71. Kc3 g3 0-1

[Event "*** Titled Tuesday Blitz"]
[Site "Chess.com"]
[Date "2020.05.05"]
[Round "4"]
[White "BelaKis"]
[Black "peixe64"]
[Result "1-0"]
[WhiteElo "2057"]
[BlackElo "2220"]
[TimeControl "180+1"]
[EndTime "10:42:03 PDT"]
[Termination "BelaKis won by checkmate"]

1. Nf3 Nf6 2. g3 g6 3. Bg2 Bg7 4. O-O O-O 5. c4 c6 6. d4 d5 7.
cxd5 cxd5 8. Nc3 Nc6 9. Bf4 b6 10. Rc1 Bb7 11. Ne5 Rc8 12. h3 e6 13. g4 Nd7 14.
Nxd7 Qxd7 15. e3 Na5 16. b3 Rc6 17. Qd2 Rfc8 18. Nb1 Ba6 19. Rfd1 Bf8 20. Rxc6 Qxc6 21. Bf1 Bxf1 22. Kxf1 Qc2 23. Ke2 Bb4 24. Qxc2 Rxc2+ 25. Kf1 Rxa2 26. Rc1 Ra1 27. Bh6 f6 28. Kg2 Kf7 29.
Rc7+ Ke8 30. Rxa7 Rxb1 31. Rxh7 Nxb3 32. Rb7 Ba5 33. Rg7 Nd2 34. Rxg6 Ne4 35. f3 Rb2+ 36. Kg1 Nc3 37. Rxf6 Ke7 38. Bg5 Ne2+ 39. Kf1 Ng3+ 40.
Kg1 Kd7 41. h4 Kc6 42. h5 Ra2 43. h6 Bd2 44. h7 Ra8 45. Rh6 Rh8 46. Kg2 Ne2 47. Kf2 Nc3 48. Bf6 Rxh7 49. Rxh7 b5 50.
Rh8 b4 51. g5 Nd1+ 52. Ke2 b3 53. Kxd2 b2 54. Rb8 Kc7 55. Rxb2 Nxb2 56. g6 Kd7 57.
Ke2 Ke8 58. e4 dxe4 59. fxe4 Nc4 60. Kf3 Nd6 61. Kf4 Nc4 62. Bh8 Kf8 63. Bf6 Kg8 64.
d5 Kf8 65. dxe6 Nb6 66. Kf5 Nc8 67. e7+ Nxe7+ 68. Bxe7+ Kxe7 69. e5 Kf8 70. e6 Kg7 71. e7 Kg8 72. e8=Q+ Kg7 73. Qf7+ Kh8 74. Qh7# 1-0

[Event "*** Titled Tuesday Blitz"]
[Site "Chess.com"]
[Date "2020.05.05"]
[Round "4"]
[White "Gahan-MG"]
[Black "GiorgianBarbosa"]
[Result "1-0"]
[WhiteElo "2603"]
[BlackElo "2372"]
[TimeControl "180+1"]
[EndTime "10:42:04 PDT"]
[Termination "Gahan-MG won on time"]

1. e4 c5 2. c3 g6 3. d4 cxd4 4. Qxd4 Nf6 5. Bb5 Nc6 6. Bxc6 bxc6 7. e5 Nd5 8. e6 Nf6 9. exf7+ Kxf7 10. Nf3 Bg7 11.
Ne5+ Ke8 12. Qc4 Rf8 13. O-O Qb6 14. Nd2 Ba6 15. Qh4 Bxf1 16. Nxf1 Qc5 17. Nf3 Qh5 18. Qd4 Qd5 19. Qh4 Qe4 20. Qg5 Qf5 21. Qh4 Qg4 22. Bg5 Qxh4 23. Bxh4 Kf7 24. Re1 Rfe8 25. Ne5+ Kg8 26. Rd1 Rad8 27. Ne3 Rb8 28. b3 Rbc8 29. c4 d6 30. Nf3 Red8 31. Nd4 Kf7 32. Kf1 c5 33.
Nf3 h6 34. Bg3 a5 35. Bh4 Ra8 36. Bxf6 Bxf6 37. Nd5 a4 38. Nb6 axb3 39. axb3 Rab8 40. Nd5 Rxb3 41. Nd2 Ra3 42. Ne4 Ra1 43. Ke2 Rxd1 44. Kxd1 Ra8 45. Ke2 Ra2+ 46. Kf3 Be5 47. g3 e6 48. Nc7 Bd4 49. Nb5 d5 50. cxd5 exd5 51. Ned6+ Ke6 52. Kg4 Rxf2 53. h4 h5+ 54. Kg5 Rg2 55.
Kxg6 Rxg3+ 56. Kxh5 Rg1 57. Nb7 c4 58. Nxd4+ Ke5 59.
Nc6+ Ke4 60. Nd6+ Kd3 61. Ne5+ Kc3 62. Nf3 Rf1 63. Kg4 d4 64. Ne4+ Kc2 65. Nxd4+ 1-0

[Event "*** Titled Tuesday Blitz"]
[Site "Chess.com"]
[Date "2020.05.05"]
[Round "4"]
[White "Evgeny81"]
[Black "Spring199"]
[Result "1-0"]
[WhiteElo "2665"]
[BlackElo "2354"]
[TimeControl "180+1"]
[EndTime "10:42:04 PDT"]
[Termination "Evgeny81 won on time"]

1. d4 d5 2. c4 e6 3. Nc3 Nf6 4. Bg5 Bb4 5. e3 O-O 6. cxd5 exd5 7. Bd3 h6 8. Bh4 Nbd7 9. Ne2 c6 10. O-O Re8 11.
a3 Bd6 12. b4 Nf8 13. Rb1 a6 14. a4 Bg4 15. b5 axb5 16. axb5 Ra3 17. Qc2 Bh5 18.
bxc6 bxc6 19. Bg3 Bg6 20. Bxd6 Qxd6 21. Nf4 Bxd3 22. Nxd3 N8d7 23. Rb7 Rea8 24. h3 Ra1 25. Rfb1 Rxb1+ 26. Qxb1 Qa3 27. Rb3 Qa1 28. Kf1 Qa6 29. Ke1 Nf8 30. Rb2 Ne6 31. Ra2 Qc8 32. Rxa8 Qxa8 33. Qa2 Qb7 34. Qb2 Qa7 35. Ne5 Qa5 36.
Nxc6 Qa6 37. Ne7+ Kh8 38. Nexd5 Nxd5 39. Nxd5 Qd3 40. Nc3 g6 41. d5 Ng7 42. Qd2 Qa6 43.
d6 Ne6 44. d7 Qa1+ 45. Ke2 Qa6+ 46. Qd3 Qa8 47. f3 Kg7 48. Kf2 Kf8 49. Ne4 Qa2+ 50. Kg3 Qa8 51. Qd6+ Kg8 52. Kh2 Qd8 53. g4 h5 54. g5 h4 55. f4 Nf8 56. Kg2 Ne6 57. Kf3 Qa8 58. Qe5 Qa2 59. Qxe6 Qxe6 60. d8=Q+ Kg7 61.
Qf6+ Qxf6 62. Nxf6 1-0

[Event "*** Titled Tuesday Blitz"]
[Site "Chess.com"]
[Date "2020.05.05"]
[Round "4"]
[White "vpsetter"]
[Black "Jospem"]
[Result "1-0"]
[WhiteElo "2617"]
[BlackElo "2838"]
[TimeControl "180+1"]
[EndTime "10:42:06 PDT"]
[Termination "vpsetter won by checkmate"]

1. e4 c5 2. Nf3 d6 3. d4 cxd4 4.
Nxd4 Nf6 5. Nc3 a6 6. Be3 e6 7.
Be2 Be7 8. O-O O-O 9. f4 Qc7 10.
g4 Nc6 11. g5 Nd7 12. h4 Re8 13. Qd2 b5 14. Nxc6 Qxc6 15. Bf3 Qc7 16. Ne2 Bb7 17.
Ng3 Rac8 18. c3 Bf8 19. Rad1 Nb6 20. Qe2 Nc4 21. Bc1 Rcd8 22. h5 e5 23. f5 d5 24.
Kg2 d4 25. f6 Bc8 26. fxg7 Bxg7 27. h6 Bf8 28. Nh5 Be7 29. Bg4 d3 30. Qf3 Rf8 31. Nf6+ Kh8 32. Nd5 Rxd5 33. exd5 f5 34. gxf6 Rxf6 35.
Qxf6+ Bxf6 36. Rxf6 Qd8 37. Rdf1 Qg8 38. Rf8 d2 39.
Rxg8+ Kxg8 40. Bxc8 Ne3+ 41. Kf2 Nxf1 42. Bxd2 Nxd2 43. Ke3 Nc4+ 44. Ke4 Nd6+ 45. Kxe5 Nxc8 46. d6 Nb6 47. Ke6 Kf8 48. d7 Nxd7 49. Kxd7 Kf7 50. b3 Kg6 51. c4 bxc4 52. bxc4 Kxh6 53. c5 Kg5 54. c6 h5 55. c7 h4 56. c8=Q Kg4 57.
Kd6+ Kg3 58. Qxa6 h3 59. Qf1 h2 60. Qh1 Kh3 61. a4 Kg3 62. a5 Kh3 63. a6 Kg3 64. a7 Kh3 65. a8=Q Kg3 66. Qaf3+ Kh4 67. Qxh2+ Kg5 68. Qhh5# 1-0

[Event "*** Titled Tuesday Blitz"]
[Site "Chess.com"]
[Date "2020.05.05"]
[Round "4"]
[White "Problematique_99"]
[Black "Zkid"]
[Result "0-1"]
[WhiteElo "2555"]
[BlackElo "2817"]
[TimeControl "180+1"]
[EndTime "10:42:07 PDT"]
[Termination "Zkid won by resignation"]

1. e4 e6 2. d4 d5 3. exd5 exd5 4. Nf3 Nc6 5. c3 Bd6 6. Bd3 Nge7 7. O-O Bg4 8. Re1 Qd7 9. Nbd2 f6 10. b4 O-O 11.
Qc2 Bf5 12. a4 Bxd3 13. Qxd3 Ng6 14. Nb3 Rfe8 15. Bd2 Nce7 16. a5 a6 17. Re2 Nf5 18. Rae1 Kf7 19. Rxe8 Rxe8 20. Rxe8 Kxe8 21. g3 Be7 22. h4 Nd6 23. h5 Nf8 24. Nc5 Qc8 25. Nh4 b6 26. axb6 cxb6 27. Nxa6 Nc4 28. b5 Kf7 29.
Bf4 g5 30. hxg6+ hxg6 31. Nf3 Ne6 32. Bc1 Qd7 33. Nh4 Nf8 34. Qf3 f5 35. Kg2 Bxh4 36. gxh4 Ne6 37. h5 Qxb5 38. hxg6+ Kxg6 39. Qg3+ Kf7 40. Nc7 Qd7 41. Nxe6 Qxe6 42. Bf4 Qe4+ 43. Kh2 Qe2 44. Qg2 Qh5+ 45. Kg1 Qg4 46. Bg3 Ke6 47.
Qh2 Qg6 48. Qh4 Nd2 49. Qd8 Ne4 50. Qxb6+ Kf7 51. Qxg6+ Kxg6 52. Kg2 Nxc3 53. Be5 Ne4 54. f3 Ng5 55. Kg3 Ne6 56. Kf2 Kg5 57. Ke2 Kh4 58. Kf2 Kh3 59. Bf6 Nf4 60. Be5 Ng6 61. Ke3 Kg2 62. Bd6 Kf1 63. Bc5 f4+ 64. Kd3 Kf2 65.
Bd6 Kxf3 66. Kd2 Ke4 67. Bc5 Nh4 68. Ke2 Nf5 69. Bb6 Nxd4+ 70. Kf2 Nf5 71. Ba5 d4 72. Ke2 Ne3 73. Kf2 d3 0-1

[Event "*** Titled Tuesday Blitz"]
[Site "Chess.com"]
[Date "2020.05.05"]
[Round "4"]
[White "bascheyaro"]
[Black "thedjoker98"]
[Result "1/2-1/2"]
[WhiteElo "2697"]
[BlackElo "2490"]
[TimeControl "180+1"]
[EndTime "10:42:10 PDT"]
[Termination "Game drawn - insufficient material"]

1. d4 d5 2. c4 c6 3. Nf3 Nf6 4.
Nc3 dxc4 5. Bg5 h6 6. Bxf6 exf6 7. e3 Be6 8. a4 Nd7 9. Nd2 Be7 10. Bxc4 Bxc4 11.
Nxc4 O-O 12. a5 Rc8 13. O-O Qc7 14. Qb3 b5 15. axb6 axb6 16. Rfd1 b5 17. Nd2 Nb6 18. Rac1 Qd7 19. Nce4 Na4 20. Nb1 Rfd8 21. Qc2 Qf5 22. b3 Nb6 23. Nbc3 Nd5 24. Nxd5 cxd5 25. Nc5 Qxc2 26.
Rxc2 Ra8 27. g3 Ra3 28. Rb1 Rc8 29. b4 Rca8 30. Kg2 Ra2 31. Rxa2 Rxa2 32. Nd7 Ra6 33.
Rc1 Bxb4 34. Rc8+ Kh7 35. Rb8 Ra7 36. Rxb5 Rxd7 37. Rxb4 f5 38. Rb6 g5 39. h3 Kg7 40. g4 fxg4 41. hxg4 f6 42. Kg3 Kg6 43. f4 gxf4+ 44. exf4 Rd8 45. Rb7 h5 46. f5+ Kh6 47.
Rf7 hxg4 48. Kxg4 Rd6 49. Kf4 Ra6 50. Rd7 Ra1 51. Rxd5 Rf1+ 52. Ke4 Kg5 53. Rd8 Re1+ 54. Kd5 Kxf5 55. Rg8 Rd1 56. Kc5 Ke4 57. Re8+ Kf4 58. d5 f5 59. d6 Kg4 60. Kc6 f4 61.
Rg8+ Kh3 62. Rg5 f3 63. Rf5 Kg2 64. d7 f2 65. Rg5+ Kh2 66. Rh5+ Kg3 67. Rf5 Rxd7 68. Kxd7 Kg2 69. Rg5+ Kh2 70. Rf5 Kg2 71. Ke6 f1=Q 72.
Rxf1 Kxf1 1/2-1/2

[Event "*** Titled Tuesday Blitz"]
[Site "Chess.com"]
[Date "2020.05.05"]
[Round "4"]
[White "ChessBitl"]
[Black "Hanging_pointer"]
[Result "1/2-1/2"]
[WhiteElo "2307"]
[BlackElo "2578"]
[TimeControl "180+1"]
[EndTime "10:42:10 PDT"]
[Termination "Game drawn by stalemate"]

1. e4 c6 2. Nf3 d5 3. Nc3 Bg4 4. h3 Bxf3 5. Qxf3 dxe4 6. Nxe4 Nd7 7. d4 Ngf6 8. c3 Nxe4 9. Qxe4 Nf6 10. Qh4 e6 11.
Bd3 Be7 12. O-O O-O 13. Qg3 Nd5 14. Bd2 Bh4 15. Qg4 g6 16. Bh6 Re8 17. Qe2 Bf6 18. a4 Bg5 19. Bxg5 Qxg5 20. Qf3 e5 21. dxe5 Qxe5 22.
Rfe1 Qxe1+ 23. Rxe1 Rxe1+ 24. Kh2 Rae8 25. a5 a6 26. h4 R1e5 27. g4 h5 28. g5 Ne7 29.
Kg2 Nf5 30. Bxf5 Rxf5 31. Qd3 Rd5 32. Qc4 Rxa5 33. Kg3 Rae5 34. Qd4 a5 35. c4 Re4 36. Qd7 Rg4+ 37. Kh3 Ree4 38. f3 Rxh4+ 39. Kg3 Rxc4 40. Qxb7 Rhf4 41. Qa8+ Kg7 42. Qxa5 Rf5 43. Qa6 Rxg5+ 44. Kh3 Rcc5 45. Qb6 Rgf5 46. Kg3 Kh7 47. Qb3 Rb5 48. Qc3 c5 49. b3 Rb6 50. Kg2 Rbf6 51. Qc4 Rxf3 52.
Qxc5 Rxb3 53. Qd4 Rbf3 54. Kg1 Rf1+ 55. Kg2 R6f2+ 56. Kg3 Rf3+ 57. Kg2 Rf4 58. Qd5 h4 59. Kh2 R1f2+ 60. Kh3 R2f3+ 61. Kg2 Kg7 62. Qe5+ Kh7 63. Qd5 h3+ 64. Kh2 Kh6 65. Kh1 Rf2 66. Kg1 Rg2+ 67. Kh1 Rff2 68. Qh5+ Kg7 69. Qxg6+ Kf8 70. Qxf7+ Kxf7 1/2-1/2

[Event "*** Titled Tuesday Blitz"]
[Site "Chess.com"]
[Date "2020.05.05"]
[Round "4"]
[White "rynos0411"]
[Black "cukin84"]
[Result "1-0"]
[WhiteElo "2383"]
[BlackElo "2063"]
[TimeControl "180+1"]
[EndTime "10:42:12 PDT"]
[Termination "rynos0411 won on time"]

1. e4 c6 2. d4 d5 3. Nc3 a6 4. a4 dxe4 5. Nxe4 Bf5 6. Ng3 Bg6 7. Nf3 Nf6 8. Bd3 Bxd3 9. Qxd3 e6 10. Bf4 Qa5+ 11.
Bd2 Qc7 12. O-O Nbd7 13. Rfe1 Be7 14. Ne5 O-O 15. c3 Rad8 16. Qe2 Nd5 17. f4 Bh4 18. Qg4 Bxg3 19. Qxg3 f6 20. Nxd7 Qxd7 21. Re2 Ne7 22. Rae1 Nf5 23. Qd3 Rfe8 24. Qc4 Qd5 25. Qxd5 cxd5 26.
Rxe6 Rf8 27. Rb6 Rd7 28. Ree6 h5 29. Kf2 Kf7 30. Re2 Rc8 31. Kf3 Rc4 32. b3 Rc8 33. Be1 Kg6 34. h3 h4 35. Kg4 Rh8 36. Kf3 Rc8 37.
Kg4 Rh8 38. Rbe6 Rc7 39. Re8 Rxe8 40. Rxe8 Nd6 41. Rd8 Ne4 42. Rxd5 Nxc3 43. Rd8 f5+ 44. Kf3 Ne4 45. d5 Re7 46. d6 Nxd6 47. Rxd6+ Kf7 48.
Bxh4 Rc7 49. Rd5 Rc3+ 50. Kf2 g6 51. Rd7+ Ke6 52. Rxb7 Rc2+ 53. Kg1 Kd5 54. Rb6 Ke4 55. Rxg6 Kxf4 56. Rxa6 Ke4 57. Re6+ Kd5 58. Re3 f4 59. Rf3 Ke4 60. Kh2 Rb2 61. Bg5 Re2 62. Bxf4 Rb2 63.
Bc7 Kd5 64. a5 Kc6 65. Bb6 Kb5 66. h4 Rd2 67. h5 Rd5 68. g4 Rd2+ 69. Kg3 Rd4 70. h6 Rd7 71. Rf5+ Ka6 72. Rh5 1-0

[Event "*** Titled Tuesday Blitz"]
[Site "Chess.com"]
[Date "2020.05.05"]
[Round "4"]
[White "PlayChessSimple"]
[Black "JonahWillow"]
[Result "0-1"]
[WhiteElo "2481"]
[BlackElo "2700"]
[TimeControl "180+1"]
[EndTime "10:42:14 PDT"]
[Termination "JonahWillow won on time"]

1. e4 c5 2. Nf3 Nc6 3. c3 Nf6 4. e5 Nd5 5. Bc4 Nb6 6. Bb3 g6 7. d4 cxd4 8. cxd4 Bg7 9. O-O O-O 10. Nc3 d6 11. exd6 Qxd6 12. d5 Na5 13. Bg5 Bg4 14. Re1 Nxb3 15. Bxe7 Bxf3 16. Qxf3 Nd4 17. Bxd6 Nxf3+ 18. gxf3 Rfd8 19. Bc7 Bxc3 20. Bxd8 Bxe1 21. Bxb6 axb6 22.
Rxe1 Rxa2 23. d6 Ra8 24. d7 Kf8 25. Rc1 Ke7 26. Rc7 Ra2 27. d8=Q+ Kxd8 28. Rxf7 Rxb2 29.
Rxh7 Kc8 30. Rg7 b5 31. Rxg6 b4 32. h4 b3 33. Rb6 Kc7 34. Rb4 Kc6 35. h5 b5 36. h6 Re2 37. Rxb3 Re6 38. Kf1 Rxh6 39. Ke2 Kc5 40. Re3 Kc4 41. f4 b4 42. f5 b3 43. Re6 b2 44. Rxh6 b1=Q 45. Rh3 Qxf5 46.
Re3 Kd4 47. Ke1 Qb1+ 48. Ke2 Qc1 49. Kf3 Qd1+ 50. Kg3 Qg1+ 51. Kf3 Qf1 52. Kg3 Kc4 53.
Kf3 Kd5 54. Kg3 Qg1+ 55. Kf3 Kd4 56. Ke2 Qg2 57. Ke1 Qh1+ 58. Ke2 Qh5+ 59. Ke1 Qg4 60.
Kf1 Kd5 61. Ke1 Qg2 62. Ke2 Kd4 63. Ke1 Qg1+ 64. Ke2 Qc1 65. Kf3 Qf1 66. Kg3 Kd5 67.
Kf3 Kc4 68. Kg3 Qh1 69. Kf4 Kd4 70. Kg3 Kd5 71. Kf4 Qg2 0-1

[Event "*** Titled Tuesday Blitz"]
[Site "Chess.com"]
[Date "2020.05.05"]
[Round "4"]
[White "algatar2020"]
[Black "Kingsman132"]
[Result "0-1"]
[WhiteElo "1842"]
[BlackElo "2368"]
[TimeControl "180+1"]
[EndTime "10:42:18 PDT"]
[Termination "Kingsman132 won by checkmate"]

1. d4 g6 2. Nf3 d6 3. Bf4 Bg7 4. e3 Nd7 5. c4 e5 6. Bg3 Ne7 7. Be2 O-O 8. O-O Nf5 9. Nc3 Nxg3 10. hxg3 Qe7 11. Re1 f5 12. Bf1 e4 13. Nd2 c6 14. b4 Nf6 15. a4 d5 16. Qb3 Be6 17.
cxd5 cxd5 18. Rec1 Rac8 19. Be2 Rfd8 20. Nb5 a6 21.
Nc3 Rc7 22. b5 axb5 23. Nxb5 Rcc8 24. a5 Bf8 25. Na7 Rxc1+ 26. Rxc1 Qb4 27. Qxb4 Bxb4 28. Nb3 Ra8 29. Nb5 Bd7 30. Nc7 Rc8 31. a6 bxa6 32.
Bxa6 Rb8 33. Nc5 Be8 34. Be2 Bxc5 35. dxc5 Kf7 36. Na6 Rb2 37. Kf1 Bc6 38. Nc7 Ke7 39. Ra1 Kd7 40. Na6 Kc8 41. Ke1 Kb7 42. Ra3 Nd7 43. Rc3 Ne5 44. Ra3 Nd3+ 45. Bxd3 exd3 46. f3 Bb5 47. c6+ Kxc6 48. Nb8+ Kb7 49. Nd7 d2+ 50. Kd1 Bxd7 51. e4 fxe4 52. fxe4 dxe4 53. Rf3 exf3 54. gxf3 Ba4+ 55. Ke2 d1=Q+ 56. Ke3 Qb3+ 57. Kf4 Qc4+ 58. Kg5 Rb5+ 59. Kh6 Rh5+ 60. Kg7 Qc7+ 61. Kf6 Qd6+ 62.
Kg7 Qe7+ 63. Kg8 Bb3+ 64. Kh8 Qf8# 0-1

[Event "*** Titled Tuesday Blitz"]
[Site "Chess.com"]
[Date "2020.05.05"]
[Round "4"]
[White "dianosky"]
[Black "DrVelja"]
[Result "0-1"]
[WhiteElo "2434"]
[BlackElo "2642"]
[TimeControl "180+1"]
[EndTime "10:42:21 PDT"]
[Termination "DrVelja won by resignation"]

1. d4 Nf6 2. c4 g6 3. Nc3 Bg7 4.
e4 d6 5. f4 O-O 6. Be2 c5 7.
d5 e6 8. Nf3 exd5 9. cxd5 Bg4 10.
O-O Bxf3 11. Bxf3 Nbd7 12. Re1 Re8 13. a4 c4 14. Be3 Rc8 15. Bxa7 b6 16. a5 bxa5 17.
Nb5 Nc5 18. e5 Nd3 19. Nxd6 Ra8 20. Bd4 Nxe1 21. Nxe8 Nxf3+ 22. Qxf3 Nxe8 23. Bc3 Nc7 24. d6 Ne6 25. g3 a4 26. Qd5 Qc8 27. d7 Qc5+ 28.
Qxc5 Nxc5 29. Rd1 Rd8 30. Rd4 Rxd7 31. Rxc4 Bf8 32. Bb4 Nd3 33. Bxf8 Kxf8 34. Rxa4 Nxb2 35. Ra8+ Kg7 36. Rb8 Nd3 37. Kg2 Nc5 38. h4 h5 39.
Rb4 Ne6 40. Kf3 Rd3+ 41. Kf2 Nd4 42. Rb2 Nf5 43. Rb7 Rd2+ 44. Ke1 Rd3 45. Kf2 Kf8 46. Rb8+ Ke7 47. Rb7+ Rd7 48. Rb6 Rd2+ 49. Kf3 Rd3+ 50. Kf2 Rxg3 51. Rb7+ Kf8 52. Rb8+ Kg7 53. Rb7 Re3 54. Rb6 Re4 55. Kf3 Ra4 56. Rf6 Nd4+ 57. Ke3 Ne6 58. f5 gxf5 59. Rxf5 Kg6 60. Rf6+ Kg7 61. Rf5 Rxh4 62. Kf3 Rh3+ 63. Kg2 Rh4 64. Kg3 Rg4+ 65. Kh3 Rg5 66. Rf3 Rxe5 67. Kh4 Kg6 68. Rg3+ Ng5 69. Ra3 Re4+ 0-1

[Event "*** Titled Tuesday Blitz"]
[Site "Chess.com"]
[Date "2020.05.05"]
[Round "4"]
[White "vovachesss"]
[Black "Richarzard69"]
[Result "0-1"]
[WhiteElo "2571"]
[BlackElo "2328"]
[TimeControl "180+1"]
[EndTime "10:42:21 PDT"]
[Termination "Richarzard69 won by resignation"]

1. Nf3 d5 2. b3 Nf6 3. Bb2 e6 4. e3 Be7 5. d4 O-O 6. Nbd2 b6 7. Bd3 Bb7 8. O-O c5 9. Qe2 Nbd7 10. c4 cxd4 11.
exd4 Rc8 12. Rac1 Rc7 13. Ne5 Qa8 14. Ndf3 Rd8 15. Nxd7 Rdxd7 16. Ne5 Rd8 17. f3 dxc4 18. bxc4 Nd7 19. Ng4 Nf6 20. Ne5 Rcc8 21. Rfe1 Bb4 22. Nxf7 Kxf7 23. Qxe6+ Kf8 24. d5 Re8 25. Qf5 Rxe1+ 26.
Rxe1 Bxe1 27. Bxf6 gxf6 28. Qxf6+ Kg8 29. Qe6+ Kf8 30. Qd6+ Kg8 31. Qe6+ Kf8 32. Bxh7 Rc7 33. Qg8+ Ke7 34. Qe6+ Kf8 35. Qg8+ Ke7 36. Qg7+ Kd6 37. Qf6+ Kc5 38. Be4 Qe8 39. d6 Rd7 40. Qf5+ Kxd6 41. Qf4+ Ke7 42. Qg5+ Kd6 43. Qf6+ Qe6 44. Qf4+ Ke7 45.
Qg5+ Kd6 46. Qf4+ Qe5 47. Qh6+ Kc5 48. Qe3+ Qd4 49. Qxd4+ Kxd4 50. Bf5 Re7 51. g4 Bd2 52. h4 Be3+ 53. Kg2 Bc6 54. g5 Bd7 55. Bc2 Be6 56.
g6 Bh6 57. Kg3 Bxc4 58. Kg4 Bg7 59. Kg5 Re1 60. h5 Rg1+ 61. Kf5 Bh6 62. Kf6 Bd3 63. Bb3 Bc4 64. Bc2 Bd5 65. f4 Bxf4 66. g7 Be5+ 67. Ke7 Rxg7+ 68. Kd8 Rg5 69. Kc8 Rxh5 70.
Kd7 Rh6 71. Kc8 Rd6 72. a4 a5 73. Bd1 Kc5 74. Be2 Bc3 75. Bb5 Bb4 76. Be8 Bb3 77. Bb5 Rd2 78. Kb7 Ra2 79. Ka6 Bxa4 80. Bd3 Bb3 81. Bf1 Bc4+ 82. Ka7 Bxf1 83. Kb7 a4 84. Ka7 a3 85. Kb7 Rb2 86. Ka7 a2 0-1

[Event "*** Titled Tuesday Blitz"]
[Site "Chess.com"]
[Date "2020.05.05"]
[Round "4"]
[White "Dedic8"]
[Black "chegueps"]
[Result "0-1"]
[WhiteElo "2753"]
[BlackElo "2532"]
[TimeControl "180+1"]
[EndTime "10:42:23 PDT"]
[Termination "chegueps won on time"]

1. e4 c5 2. Nf3 e6 3. d4 cxd4 4. Nxd4 Nf6 5. Nc3 Nc6 6. Nxc6 bxc6 7. e5 Nd5 8. Ne4 Qc7 9. f4 Qb6 10. c4 Bb4+ 11. Ke2 f5 12. Nf2 Ba6 13. Kf3 Ne7 14. b3 Bc5 15. Nd3 Bd4 16. Rb1 c5 17. Be3 Nc6 18.
Bxd4 Nxd4+ 19. Kf2 Bb7 20. h4 Be4 21. Rb2 a5 22.
Kg3 h6 23. h5 Ke7 24. Rh3 g5 25. hxg6 Rag8 26. Kh2 Rxg6 27. Nf2 Ba8 28. Qh5 Rhg8 29. Nd3 Qc6 30. Qh4+ Ke8 31. Qf2 Qb6 32. Qe1 Be4 33.
Re3 Qc6 34. Qf2 h5 35. Rd2 h4 36. Ne1 Rg3 37. Kg1 R8g7 38. Kh2 R7g6 39. Rb2 Ke7 40. Rd2 Qa8 41. Kg1 Qg8 42. Kh2 Qg7 43. Rxe4 fxe4 44. Rxd4 cxd4 45. Qxd4 h3 46. Qc5+ Kf7 47. gxh3 Rg1 48.
Qf2 Qh6 49. Ng2 Rxf1 50. Qxf1 Qh5 51. Qf2 Qf3 52. Qd2 e3 53. Qxd7+ Kg8 54. Qd8+ Kh7 55. Qh4+ Kg7 56. Qe7+ Kh8 57. Qe8+ Kh7 58. Qf7+ Rg7 59. Nh4 Qf2+ 60. Kh1 Rxf7 0-1

[Event "*** Titled Tuesday Blitz"]
[Site "Chess.com"]
[Date "2020.05.05"]
[Round "4"]
[White "crywolf1986"]
[Black "Turquoise_2701"]
[Result "1-0"]
[WhiteElo "2493"]
[BlackElo "2155"]
[TimeControl "180+1"]
[EndTime "10:42:23 PDT"]
[Termination "crywolf1986 won by resignation"]

1. d4 Nf6 2. Nf3 e6 3. c4 c5 4. e3 cxd4 5. exd4 d5 6. Nc3 Nc6 7. Be2 dxc4 8. Bxc4 Be7 9. O-O O-O 10. Bg5 a6 11. Qd2 b5 12. Bb3 Bb7 13. Rfe1 b4 14. Na4 Na5 15. Bc2 Bxf3 16. gxf3 Nd5 17. Qd3 g6 18.
Bh6 Re8 19. Re4 Nb7 20. Rg4 Nd6 21. Nc5 Nf5 22. Bd2 Nf6 23. Rf4 Qc7 24. Ne4 Nd5 25. Rg4 Rac8 26. Bb3 Red8 27. Re1 a5 28. Ng5 Bxg5 29.
Bxg5 Nde7 30. d5 exd5 31. Bf6 Rd7 32. Be5 Qc6 33. Bf4 a4 34. Rc1 Qxc1+ 35. Bxc1 Rxc1+ 36. Kg2 axb3 37. axb3 Rcc7 38. Rxb4 d4 39. Rb8+ Kg7 40. b4 Rb7 41. Rxb7 Rxb7 42. b5 Nd5 43. Qb3 Nf4+ 44.
Kf1 d3 45. Qc3+ f6 46. b6 Nd5 47. Qc6 Rxb6 48. Qxd5 Rxb2 49. Qxd3 Rb7 50. Qd5 Re7 51. Qc5 h5 52. Kg2 Rf7 53. f4 Re7 54. Kf3 Rf7 55.
Ke4 Re7+ 56. Kd5 Rf7 57. Kc6 Re7 58. Qc3 Rf7 59. Qb3 Re7 60. Qb8 Rf7 61. Qd8 Re7 62. Kd5 Rf7 63. Ke6 Re7+ 64. Qxe7+ Nxe7 65. Kxe7 g5 66. f5 g4 67. Ke6 h4 68. Ke7 h3 69.
Ke6 Kh6 70. Kxf6 Kh5 71. Ke5 g3 72. fxg3 Kg4 73. f6 Kf3 74. f7 Kg2 75. f8=Q Kxh2 76. Qf3 Kg1 77. g4 h2 78. g5 h1=Q 79. Qxh1+ Kxh1 1-0